[ PARTIDA AOE2 · #494723625 ]
UnrankedIncas vs Romans
Equipo del jugador · VICT
Equipo rival · DERR
[ ANÁLISIS DE REPETICIÓN · EXTRAÍDO DE LA PARTIDA GRABADA ]
Feudal
11:01
Castillos
25:48
Imperial
—
| APM promedio | 54.5 |
| APM pico | 89 |
| eAPM promedio | 28.3 |
| Aldeanos / militares | 68 / 15 |
Foco
⚔️ 45.5% · 🌾 54.5%
Unknown (2550) ×86 · Monk ×3 · Archer ×3 · Mangonel ×2 · Spearman ×2 · Skirmisher ×2
Feudal
8:35
Castillos
25:36
Imperial
—
| APM promedio | 65.3 |
| APM pico | 106 |
| eAPM promedio | 32.7 |
| Aldeanos / militares | 193 / 90 |
Foco
⚔️ 33.7% · 🌾 66.3%
Archer ×64 · Knight ×14 · Cavalry Archer ×6 · Scout Cavalry ×5 · Skirmisher ×1
Mapa de la partida
Recursos iniciales + cada clic de construcción. Líneas = muros · curvas = relieve. ◆ oro · ⬟ piedra · ● bayas · ✦ reliquia · ◌ hueco del cierre
Tu base· Abierta — flanco sin cerrar
Base de El Comadreja· Abierta — hueco de 7t
Terreno inicial suavizado · ◌ = hueco del cierre detectado · pasá el cursor para detalles
Inputs por minuto
— 半月回淑 - - El Comadreja
Build order — 半月回淑
Primeras 150 de 272 acciones detectadas
| 0:00 | Crear | Villager (Male) |
| 0:01 | Crear | Villager (Male) |
| 0:01 | Crear | Villager (Male) |
| 0:02 | Construir | House |
| 0:06 | Construir | House |
| 0:13 | Crear | Villager (Male) |
| 1:31 | Crear | Villager (Male) |
| 1:48 | Construir | Settlement |
| 1:54 | Crear | Villager (Male) |
| 1:54 | Crear | Villager (Male) |
| 2:21 | Crear | Villager (Male) |
| 2:22 | Crear | Villager (Male) |
| 2:49 | Crear | Villager (Male) |
| 2:49 | Crear | Villager (Male) |
| 3:07 | Crear | Villager (Male) |
| 3:31 | Crear | Villager (Male) |
| 3:45 | Crear | Villager (Male) |
| 4:30 | Crear | Villager (Male) |
| 4:33 | Construir | Barracks |
| 4:53 | Crear | Villager (Male) |
| 5:18 | Crear | Villager (Male) |
| 5:25 | Crear | Unit 2550 |
| 5:25 | Crear | Unit 2550 |
| 5:47 | Crear | Villager (Male) |
| 6:01 | Construir | Settlement |
| 6:12 | Construir | Settlement |
| 6:17 | Crear | Villager (Male) |
| 6:21 | Crear | Unit 2550 |
| 6:40 | Crear | Villager (Male) |
| 7:01 | Crear | Villager (Male) |
| 7:02 | Crear | Unit 2550 |
| 7:25 | Crear | Villager (Male) |
| 8:01 | Crear | Villager (Male) |
| 8:03 | Investigar | Loom |
| 8:46 | Investigar | Feudal Age |
| 9:02 | Crear | Unit 2550 |
| 9:28 | Construir | Settlement |
| 9:33 | Crear | Unit 2550 |
| 10:39 | Construir | Farm |
| 10:41 | Crear | Villager (Male) |
| 11:01 | Edad | Edad Feudal |
| 11:03 | Investigar | Tech 1402 |
| 11:16 | Crear | Spearman |
| 11:31 | Crear | Villager (Male) |
| 11:35 | Investigar | Double-Bit Axe |
| 12:05 | Crear | Unit 2550 |
| 12:05 | Crear | Villager (Male) |
| 12:09 | Construir | Archery Range |
| 12:23 | Crear | Villager (Male) |
| 12:28 | Investigar | Horse Collar |
| 12:31 | Crear | Spearman |
| 12:40 | Crear | Unit 2550 |
| 12:46 | Construir | Watch Tower |
| 12:58 | Construir | Palisade Wall |
| 13:08 | Crear | Villager (Male) |
| 13:10 | Construir | House |
| 13:12 | Construir | Palisade Wall |
| 13:16 | Construir | Farm |
| 13:25 | Crear | Unit 2550 |
| 13:39 | Crear | Villager (Male) |
| 13:53 | Crear | Villager (Male) |
| 14:02 | Construir | Farm |
| 14:03 | Construir | Farm |
| 14:12 | Construir | Watch Tower |
| 14:15 | Crear | Villager (Male) |
| 14:26 | Crear | Unit 2550 |
| 14:28 | Construir | Farm |
| 14:30 | Construir | Farm |
| 14:30 | Crear | Villager (Male) |
| 14:56 | Crear | Skirmisher |
| 15:00 | Crear | Villager (Male) |
| 15:14 | Construir | Watch Tower |
| 15:17 | Crear | Villager (Male) |
| 15:23 | Construir | Farm |
| 15:25 | Construir | Farm |
| 15:43 | Crear | Unit 2550 |
| 15:49 | Construir | Farm |
| 15:55 | Investigar | Arson |
| 15:58 | Crear | Skirmisher |
| 16:16 | Crear | Villager (Male) |
| 16:22 | Construir | Blacksmith |
| 16:24 | Construir | Farm |
| 16:28 | Crear | Villager (Male) |
| 16:37 | Construir | Palisade Wall |
| 16:56 | Crear | Villager (Male) |
| 17:04 | Crear | Unit 2550 |
| 17:12 | Investigar | Fletching |
| 17:22 | Construir | Watch Tower |
| 17:24 | Crear | Villager (Male) |
| 17:32 | Construir | Farm |
| 17:40 | Crear | Villager (Male) |
| 17:49 | Construir | Farm |
| 17:52 | Construir | Farm |
| 17:58 | Crear | Unit 2550 |
| 18:05 | Construir | Farm |
| 18:09 | Construir | Farm |
| 18:11 | Construir | Settlement |
| 18:14 | Crear | Villager (Male) |
| 18:22 | Crear | Unit 2550 |
| 18:34 | Crear | Unit 2550 |
| 18:35 | Crear | Villager (Male) |
| 18:38 | Construir | Farm |
| 18:39 | Construir | Farm |
| 18:52 | Crear | Unit 2550 |
| 18:55 | Crear | Villager (Male) |
| 18:57 | Crear | Unit 2550 |
| 19:02 | Construir | Farm |
| 19:05 | Construir | Farm |
| 19:38 | Crear | Villager (Male) |
| 19:49 | Construir | Farm |
| 19:51 | Construir | Farm |
| 19:53 | Investigar | Wheelbarrow |
| 19:53 | Investigar | Wheelbarrow |
| 20:03 | Crear | Unit 2550 |
| 20:17 | Crear | Villager (Male) |
| 20:19 | Investigar | Scale Mail Armor |
| 20:23 | Construir | Farm |
| 20:25 | Construir | Farm |
| 20:28 | Construir | Farm |
| 20:45 | Crear | Unit 2550 |
| 21:20 | Construir | Watch Tower |
| 21:27 | Crear | Unit 2550 |
| 21:40 | Crear | Unit 2550 |
| 21:45 | Construir | House |
| 22:08 | Crear | Unit 2550 |
| 22:14 | Construir | Market |
| 22:43 | Crear | Villager (Male) |
| 22:59 | Construir | Palisade Gate |
| 23:08 | Investigar | Castle Age |
| 23:08 | Investigar | Castle Age |
| 23:10 | Crear | Unit 2550 |
| 23:10 | Crear | Unit 2550 |
| 24:12 | Crear | Unit 2550 |
| 24:14 | Construir | Barracks |
| 24:20 | Construir | Palisade Wall |
| 24:21 | Construir | Palisade Wall |
| 24:24 | Construir | Palisade Wall |
| 24:27 | Construir | Palisade Wall |
| 24:27 | Construir | Palisade Wall |
| 24:38 | Investigar | Forging |
| 25:00 | Crear | Unit 2550 |
| 25:29 | Construir | Watch Tower |
| 25:34 | Crear | Unit 2550 |
| 25:41 | Construir | Palisade Wall |
| 25:48 | Edad | Edad de los Castillos |
| 25:53 | Construir | House |
| 26:05 | Investigar | Tech 1351 |
| 26:05 | Investigar | Squires |
| 26:19 | Construir | House |
| 26:28 | Crear | Unit 2550 |
Build order — El Comadreja
Primeras 150 de 428 acciones detectadas
| 0:00 | Crear | Villager (Male) |
| 0:01 | Crear | Villager (Male) |
| 0:02 | Construir | House |
| 0:02 | Construir | House |
| 0:06 | Crear | Villager (Male) |
| 0:06 | Crear | Villager (Male) |
| 0:07 | Crear | Villager (Male) |
| 1:22 | Crear | Villager (Male) |
| 1:22 | Crear | Villager (Male) |
| 1:47 | Crear | Villager (Male) |
| 1:47 | Crear | Villager (Male) |
| 1:59 | Construir | Lumber Camp |
| 2:18 | Crear | Villager (Male) |
| 2:19 | Crear | Villager (Male) |
| 2:45 | Crear | Villager (Male) |
| 2:56 | Crear | Villager (Male) |
| 2:56 | Crear | Villager (Male) |
| 3:14 | Crear | Villager (Male) |
| 3:14 | Crear | Villager (Male) |
| 3:31 | Construir | House |
| 3:45 | Crear | Villager (Male) |
| 3:45 | Crear | Villager (Male) |
| 4:22 | Construir | Mill |
| 4:25 | Crear | Villager (Male) |
| 4:26 | Crear | Villager (Male) |
| 4:50 | Crear | Villager (Male) |
| 4:51 | Crear | Villager (Male) |
| 4:51 | Crear | Villager (Male) |
| 5:16 | Crear | Villager (Male) |
| 5:17 | Crear | Villager (Male) |
| 5:17 | Crear | Villager (Male) |
| 5:30 | Crear | Villager (Male) |
| 5:45 | Investigar | Loom |
| 6:25 | Investigar | Feudal Age |
| 6:25 | Investigar | Feudal Age |
| 7:13 | Construir | House |
| 7:48 | Construir | Barracks |
| 8:27 | Crear | Villager (Male) |
| 8:35 | Edad | Edad Feudal |
| 8:36 | Crear | Villager (Male) |
| 8:41 | Construir | Stable |
| 8:44 | Construir | Stable |
| 8:57 | Crear | Villager (Male) |
| 9:04 | Construir | House |
| 9:06 | Investigar | Double-Bit Axe |
| 9:07 | Investigar | Double-Bit Axe |
| 9:08 | Crear | Villager (Male) |
| 9:08 | Crear | Villager (Male) |
| 9:17 | Crear | Scout Cavalry |
| 9:25 | Crear | Villager (Male) |
| 9:27 | Construir | Palisade Wall |
| 9:31 | Crear | Scout Cavalry |
| 9:44 | Construir | House |
| 9:45 | Construir | Palisade Wall |
| 10:10 | Crear | Scout Cavalry |
| 10:13 | Construir | House |
| 10:29 | Crear | Villager (Male) |
| 10:29 | Crear | Villager (Male) |
| 10:50 | Crear | Villager (Male) |
| 10:50 | Crear | Villager (Male) |
| 11:11 | Crear | Villager (Male) |
| 11:11 | Crear | Villager (Male) |
| 11:14 | Construir | House |
| 11:15 | Construir | Palisade Wall |
| 11:22 | Construir | House |
| 11:27 | Construir | Archery Range |
| 11:36 | Crear | Villager (Male) |
| 11:36 | Crear | Villager (Male) |
| 11:38 | Construir | Mining Camp |
| 11:41 | Construir | Palisade Wall |
| 11:51 | Crear | Villager (Male) |
| 11:51 | Crear | Villager (Male) |
| 12:06 | Construir | House |
| 12:12 | Crear | Villager (Male) |
| 12:12 | Crear | Villager (Male) |
| 12:15 | Crear | Archer |
| 12:18 | Construir | Palisade Gate |
| 12:18 | Construir | Palisade Wall |
| 12:22 | Crear | Villager (Male) |
| 12:22 | Crear | Villager (Male) |
| 12:26 | Construir | House |
| 12:41 | Construir | House |
| 12:42 | Crear | Villager (Male) |
| 12:42 | Crear | Villager (Male) |
| 12:47 | Construir | House |
| 12:49 | Crear | Archer |
| 12:49 | Crear | Archer |
| 12:57 | Crear | Villager (Male) |
| 13:04 | Construir | Watch Tower |
| 13:23 | Crear | Villager (Male) |
| 13:23 | Crear | Villager (Male) |
| 13:24 | Construir | Farm |
| 13:29 | Crear | Archer |
| 13:44 | Crear | Villager (Male) |
| 13:44 | Crear | Villager (Male) |
| 13:47 | Crear | Archer |
| 14:13 | Crear | Villager (Male) |
| 14:13 | Crear | Villager (Male) |
| 14:14 | Crear | Archer |
| 14:24 | Crear | Villager (Male) |
| 14:24 | Crear | Villager (Male) |
| 14:25 | Construir | Farm |
| 14:32 | Construir | House |
| 14:37 | Crear | Villager (Male) |
| 14:37 | Crear | Villager (Male) |
| 14:39 | Construir | Farm |
| 14:49 | Crear | Archer |
| 14:56 | Crear | Villager (Male) |
| 14:56 | Crear | Villager (Male) |
| 15:11 | Construir | House |
| 15:18 | Crear | Archer |
| 15:18 | Crear | Villager (Male) |
| 15:19 | Crear | Villager (Male) |
| 15:19 | Crear | Villager (Male) |
| 15:21 | Construir | Farm |
| 15:32 | Investigar | Town Watch |
| 15:33 | Crear | Villager (Male) |
| 15:34 | Crear | Villager (Male) |
| 15:34 | Crear | Villager (Male) |
| 15:42 | Construir | Farm |
| 15:53 | Construir | House |
| 15:56 | Crear | Villager (Male) |
| 15:57 | Crear | Villager (Male) |
| 15:57 | Crear | Villager (Male) |
| 16:13 | Construir | Market |
| 16:21 | Construir | House |
| 16:29 | Crear | Villager (Male) |
| 16:29 | Crear | Villager (Male) |
| 16:30 | Crear | Archer |
| 16:38 | Crear | Archer |
| 16:50 | Construir | Farm |
| 16:58 | Construir | Farm |
| 17:01 | Crear | Villager (Male) |
| 17:01 | Crear | Villager (Male) |
| 17:03 | Crear | Archer |
| 17:08 | Construir | Farm |
| 17:11 | Construir | House |
| 17:12 | Construir | Farm |
| 17:44 | Construir | House |
| 17:58 | Construir | House |
| 18:09 | Construir | House |
| 18:12 | Crear | Archer |
| 18:15 | Construir | Blacksmith |
| 18:18 | Crear | Archer |
| 18:21 | Construir | Farm |
| 18:22 | Crear | Villager (Male) |
| 18:22 | Crear | Villager (Male) |
| 18:24 | Construir | Farm |
| 18:25 | Construir | Farm |
| 18:34 | Construir | Watch Tower |
Cronología de la partida
| 4:33 | 半月回淑 · first_building Barracks |
| 7:48 | El Comadreja · first_building Barracks |
| 8:35 | El Comadreja · age_up feudal |
| 8:41 | El Comadreja · first_building Stable |
| 9:27 | El Comadreja · wall_segment Palisade Wall x1 |
| 9:45 | El Comadreja · wall_segment Palisade Wall x8 |
| 11:01 | 半月回淑 · age_up feudal |
| 11:15 | El Comadreja · wall_segment Palisade Wall x18 |
| 11:27 | El Comadreja · first_building Archery Range |
| 11:41 | El Comadreja · wall_segment Palisade Wall x7 |
| 12:09 | 半月回淑 · first_building Archery Range |
| 12:18 | El Comadreja · wall_segment Palisade Wall x5 |
| 12:58 | 半月回淑 · wall_segment Palisade Wall x1 |
| 13:12 | 半月回淑 · wall_segment Palisade Wall x1 |
| 16:37 | 半月回淑 · wall_segment Palisade Wall x1 |
| 17:47 | El Comadreja · first_market_buy 100 stone |
| 19:32 | El Comadreja · wall_segment Palisade Wall x1 |
| 20:37 | El Comadreja · wall_segment Palisade Wall x1 |
| 23:07 | 半月回淑 · first_market_sell 100 food |
| 24:20 | 半月回淑 · wall_segment Palisade Wall x1 |
| 24:21 | 半月回淑 · wall_segment Palisade Wall x5 |
| 24:24 | 半月回淑 · wall_segment Palisade Wall x1 |
| 24:27 | 半月回淑 · wall_segment Palisade Wall x12 |
| 24:27 | 半月回淑 · wall_segment Palisade Wall x1 |
| 25:36 | El Comadreja · age_up castle |
| 25:41 | 半月回淑 · wall_segment Palisade Wall x1 |
| 25:48 | 半月回淑 · age_up castle |
| 27:00 | El Comadreja · first_market_sell 100 wood |
| 27:55 | El Comadreja · wall_segment Palisade Wall x3 |
| 27:58 | 半月回淑 · first_market_buy 100 wood |
| 28:35 | 半月回淑 · first_building Siege Workshop |
| 28:46 | 半月回淑 · wall_segment Palisade Wall x1 |
| 28:47 | 半月回淑 · wall_segment Palisade Wall x5 |
| 31:11 | El Comadreja · wall_segment Palisade Wall x1 |
| 33:06 | 半月回淑 · wall_segment Palisade Wall x1 |
| 33:08 | 半月回淑 · wall_segment Palisade Wall x1 |
| 37:27 | 半月回淑 · first_building Monastery |
| 40:12 | 半月回淑 · wall_segment Palisade Wall x4 |
| 41:08 | 半月回淑 · wall_segment Palisade Wall x1 |
| 41:42 | El Comadreja · resign |
[ ANÁLISIS IA · 1 CRÉDITO ]
¿Qué pasó realmente en esta partida?
Wolo.gg analiza cada decisión: build order, eco, micro, errores típicos por bracket. Análisis personalizado por WhatsApp o Discord en 30 segundos.
Guía civ
Incas
Perfil
半月回淑